 Dungeon Crawl Stone Soup version 0.23.2-40-g277498a001 (webtiles) character file.

Game seed: 3976330157200937726

118 CitizenNev the Chopper (level 4, -7/42 HPs)
             Began as a Deep Dwarf Fighter on Aug 19, 2019.
             Mangled by an ogre
             ... wielding a cursed -1 giant spiked club
              (21 damage)
             ... on level 3 of the Dungeon.
             The game lasted 00:09:31 (1997 turns).

CitizenNev the Chopper (Deep Dwarf Fighter)         Turns: 1997, Time: 00:09:31

Health: -7/42      AC:  9    Str: 20    XL:     4   Next: 72%
Magic:  3/3        EV:  7    Int:  9    God:
Gold:   96         SH:  9    Dex: 12    Spells: 3/3 levels left

rFire    . . .     SeeInvis .   a - +1 war axe
rCold    . . .     Gourm    .   c - +0 shield
rNeg     . . .     Faith    .   b - +0 scale mail
rPois    .         Spirit   .   (no helmet)
rElec    .         Reflect  .   j - +1 cloak
rCorr    .         Harm     .   (no gloves)
MR       .....                  (no boots)
Stlth    ..........             i - amulet of magic regeneration
HPRegen  0.00/turn              (no ring)
MPRegen  0.33/turn              (no ring)

@: non-regenerating
A: damage resistance, heal wounds, sense surroundings 1, no regeneration
a: Heal Wounds


You were on level 3 of the Dungeon.
You were near starving.

You visited 1 branch of the dungeon, and saw 3 of its levels.

You collected 96 gold pieces.

Inventory:

Hand Weapons
 a - a +1 war axe (weapon)
Armour
 b - a +0 scale mail (worn)
 c - a +0 shield (worn)
 j - a +1 cloak (worn)
Jewellery
 i - an amulet of magic regeneration (around neck)
Scrolls
 e - 2 scrolls of immolation {unknown}
 k - 2 scrolls of magic mapping
 m - a scroll of enchant weapon
Potions
 d - a potion of might
 h - 2 potions of berserk rage
 n - a potion of brilliance
 o - a potion of cancellation
Comestibles
 f - 7 rations


   Skills:
 * Level 3.0 Fighting
 - Level 5.1 Axes
 - Level 3.2 Armour
 - Level 0.3 Dodging
 - Level 0.1 Stealth
 - Level 3.2 Shields


You had 3 spell levels left.
You didn't know any spells.
Your spell library was empty.

Dungeon Overview and Level Annotations

Branches:
Dungeon (3/15)

Altars:
Ru


Innate Abilities, Weirdness & Mutations

You are resistant to damage.
You can heal yourself by infusing magical energy.
You passively map a small area around you.
You do not regenerate.


Message History

You hit the giant cockroach.
The giant cockroach bites you but does no damage.
The ogre hits you with a cursed -1 giant spiked club!
The giant cockroach bites you but does no damage.
You hit the ogre.
The ogre is lightly wounded.
You hit the giant cockroach.
You kill the giant cockroach!
The ogre closely misses you. The goblin barely misses you.
You hit the ogre but do no damage.
The ogre is lightly wounded.
You hit the goblin.
You kill the goblin!
The ogre completely misses you. You block the goblin's attack.
You hit the ogre.
The ogre is moderately wounded.
You closely miss the goblin.
The ogre hits you with a cursed -1 giant spiked club!!
Ouch! That really hurt!
You die...

### ##.##
#############.#.#####
#............###.##.##
....##<###.## ##....##
# , #.# ##O###......#
, #.# ##@#..##.#.# * *
#.# ##g#.##.#.# , ,#.#
###O##.#.# ,, ..#
#s##.#.# , , ###
#.##.#.# ,,, #.g....#
, ,, ####s### * ,
###.## , . , #....#* ,
,


You could see an ogre and a goblin.

Vanquished Creatures
  A gnoll (D:1)
  2 adders (D:2)
  An ooze (D:1)
  2 worms (D:2)
  A dart slug (D:3)
  An orc (D:2)
  9 bats
  4 giant cockroaches
  17 goblins
  9 hobgoblins
  5 jackals (D:2)
  A ball python (D:2)
  6 frilled lizards
  8 kobolds
  7 rats
74 creatures vanquished.

Notes
Turn   | Place    | Note
-------+----------+-------------------------------------------
     0 | D:1      | CitizenNev the Deep Dwarf Fighter began the quest for the
                  | Orb.
     0 | D:1      | Reached XP level 1. HP: 20/20 MP: 1/1
    18 | D:1      | Reached skill level 3 in Axes
    29 | D:1      | Reached XP level 2. HP: 27/27 MP: 2/2
   441 | D:1      | Reached XP level 3. HP: 30/33 MP: 3/3
   571 | D:1      | Reached skill level 4 in Axes
  1211 | D:2      | Reached XP level 4. HP: 29/40 MP: 4/4
  1277 | D:2      | Found a sacrificial altar of Ru.
  1456 | D:2      | Reached skill level 5 in Axes
  1949 | D:3      | Noticed an ogre
  1997 | D:3      | Mangled by an ogre

Skill      XL: |  1  2  3  4 |
---------------+-------------+-----
Axes           | 3 4 5 |  5.1
Fighting       | 3 |  3.0
Armour         | |  3.2
Dodging        | |  0.3
Stealth        | |  0.1
Shields        | |  3.2

Action                   |  1- 3 |  4- 6 || total
-------------------------+-------+-------++-------
Melee: War axe           |   147 |    79 ||   226
 Abil: Heal Wounds       |       |     1 ||     1
  Use: Scroll            |     3 |     3 ||     6
       Potion            |     3 |     2 ||     5
  Eat: Chunk             |     1 |     1 ||     2
Armor: Scale mail        |    79 |    32 ||   111
Dodge: Dodged            |    44 |    23 ||    67
Block: Shield            |    86 |    26 ||   112
